 Dungeon Crawl Stone Soup version 0.29-a0-923-g6e406bff71 (webtiles) character file.

Game seed: 16547573923231962137

959 ptdevnull the Cutter (level 8, -2/54 HPs)
             Began as an Octopode Brigand on July 27, 2022.
             Slain by a gnoll
             ... wielding a +0 spear
             ... led by a gnoll bouda
              (3 damage)
             ... on level 5 of the Dungeon.
             The game lasted 00:09:45 (5146 turns).

ptdevnull the Cutter (Octopode Brigand)             Turns: 5146, Time: 00:09:46

Health: -2/54      AC:  1    Str: 10    XL:     8   Next: 14%
Magic:  8/8        EV: 12    Int: 14    God:
Gold:   159        SH:  0    Dex: 15    Spells: 7/7 levels left

rFire   . . .      SeeInvis .   a - +2 short sword (speed)
rCold   . . .      Faith    .   (no shield)
rNeg    . . .      Spirit   .   (helmet restricted)
rPois   .          Reflect  .   (no amulet)
rElec   .          Harm     .   (no ring)
rCorr   .          Rampage  .   (no ring)
Will    .....                   (no ring)
Stlth   ++++......              (no ring)
HPRegen 0.18/turn               (no ring)
MPRegen 0.11/turn               (no ring)
                                (no ring)
                                (no ring)

@: about to teleport, weakened
A: almost no armour, amphibious, 8 rings, camouflage 1, gelatinous body 1,
(nimble swimmer 1), tentacles
a: no special abilities


You were on level 5 of the Dungeon.
You visited 1 branch of the dungeon, and saw 5 of its levels.

You collected 159 gold pieces.

Inventory:

Hand Weapons
 a - a +2 short sword of speed (weapon)
 b - a +2 dagger
Missiles
 c - 2 curare-tipped darts
 m - 6 javelins
 o - 8 poisoned darts
 u - 5 atropa-tipped darts (quivered)
Jewellery
 s - a ring of fire
Scrolls
 d - 4 scrolls of poison {unknown}
 e - 4 scrolls of teleportation
 g - 5 scrolls of identify
 i - 2 scrolls of enchant armour {unknown}
 j - a scroll of enchant weapon {unknown}
 k - 3 scrolls of noise {unknown}
 l - 2 scrolls of fear {unknown}
 p - a scroll of brand weapon {unknown}
 q - a scroll of summoning {unknown}
 r - a scroll of fog {unknown}
 x - a scroll of magic mapping {unknown}
Potions
 f - a potion of degeneration {unknown}
 h - 2 potions of heal wounds
 n - 2 potions of flight {unknown}
 t - a potion of haste {unknown}
 v - a potion of might {unknown}
 w - a potion of berserk rage {unknown}
 z - a potion of cancellation {unknown}


   Skills:
 + Level 3.6 Fighting
 * Level 7.5 Short Blades
 + Level 3.6 Throwing
 - Level 1.0 Dodging
 - Level 7.0 Stealth


You had 7 spell levels left.
You didn't know any spells.
Your spell library contained the following spells:

 Spells                   Type           Power      Damage    Failure   Level
 Apportation              Tloc           0%         N/A       28%         1
 Freeze                   Ice            0%         1d3       28%         1
 Shock                    Conj/Air       0%         1d3       28%         1
 Frozen Ramparts          Ice            0%         1d2       65%         3
 Ozocubu's Armour         Ice            0%         N/A       65%         3
 Swiftness                Air            0%         N/A       65%         3
 Airstrike                Air            0%         0-1+      96%         4
 Hailstorm                Conj/Ice       0%         3d3       96%         4
 Ozocubu's Refrigeration  Ice            0%         4d5       100%        7


Dungeon Overview and Level Annotations

Branches:
Dungeon (5/15)
 Temple: D:4-7

Altars:
Makhleb
Vehumet
Yredelemnul

Shops:
D:2 =


Innate Abilities, Weirdness & Mutations

You cannot wear most types of armour.
You are amphibious.
You can wear up to eight rings at the same time.
Your skin changes colour to match your surroundings (Stealth+).
Your rubbery body absorbs attacks. (AC +1, EV +1)
((You are camouflaged when in or above water. (Stealth+)))
You have tentacles for arms and can constrict up to eight enemies at once.


Message History

The gnoll bouda barks out a call to the hunt!
The gnolls pick up the pace!
You puncture the gnoll! You grab the gnoll.
The gnoll is heavily wounded.
You constrict the gnoll.
You constrict the gnoll, but do no damage.
Unknown command.
Unknown command.
You hit the gnoll but do no damage. You squeeze the gnoll.
You kill the gnoll!
You constrict the gnoll.
The gnoll hits you with a +1 flail of protection!
Unknown command.
You hit the gnoll but do no damage.
The gnoll is heavily wounded.
You constrict the gnoll, but do no damage.
Unknown command.
You hit the gnoll but do no damage.
The gnoll is heavily wounded.
You constrict the gnoll, but do no damage.
The gnoll closely misses you. The gnoll barely misses you.
Unknown command.
As you read the scroll labelled SYIWKA FITU TEMP, it crumbles to dust.
It is a scroll of identify.
e - 5 scrolls of teleportation You constrict the gnoll, but do no damage.
The gnoll closely misses you.
The gnoll hits you from afar with a +0 spear!
The gnoll bouda gazes fiercely through you!
You feel your attacks grow feeble.
The gnoll bouda hits you with a +2 whip of electrocution.
You are electrocuted!!
* * * LOW HITPOINT WARNING * * *
The gnoll closely misses you.
As you read the scroll of teleportation, it crumbles to dust.
You feel strangely unstable.
You constrict the gnoll. The gnoll hits you with a +0 flail.
* * * LOW HITPOINT WARNING * * *
The gnoll hits you from afar with a +0 spear.
You die...

##...# #....#
#...# #....#
#..# ##....#
#.## ##.....#
#.# ##......#
#.####.....#..#
##....g..####.#
#.5gg..## ##
#..@g.รท#
#.....##
#.....# #.....#
##....# ##...#
##..## #..)#
##..##


You could see a lemure, a gnoll bouda and 3 gnolls.

Vanquished Creatures
  Grinder (D:5)
  Sigmund (D:5)
  An ogre (D:4)
  A scorpion (D:4)
  2 hounds (D:4)
  A gnoll bouda (D:4)
  3 iguanas
  2 orc wizards (D:3)
  Robin (D:4)
  6 gnolls
  6 adders
  2 adder zombies (D:3)
  3 dart slugs
  7 orcs
  7 endoplasms
  7 giant cockroaches
  16 goblins
  10 hobgoblins
  4 quokkas
  9 ball pythons
  2 bats
  2 frilled lizards (D:1)
  5 kobolds
  11 rats
110 creatures vanquished.

Notes
Turn   | Place    | Note
-------+----------+-------------------------------------------
     0 | D:1      | ptdevnull the Octopode Brigand began the quest for the Orb.
     0 | D:1      | Reached XP level 1. HP: 14/14 MP: 1/1
    56 | D:1      | Reached XP level 2. HP: 19/19 MP: 2/2
   236 | D:1      | Found a faded altar of an unknown god.
   254 | D:1      | Got Plato's Secrets of the Compass
   423 | D:1      | Reached XP level 3. HP: 22/24 MP: 3/3
   898 | D:2      | Found Covyoh's Jewellery Shop.
  1097 | D:2      | Reached XP level 4. HP: 29/29 MP: 4/4
  1779 | D:3      | HP: 1/29 [iguana (9)]
  1781 | D:3      | Reached XP level 5. HP: 1/34 MP: 5/5
  2170 | D:3      | Found a basalt altar of Yredelemnul.
  2784 | D:3      | Reached skill level 5 in Short Blades
  2990 | D:4      | Found a radiant altar of Vehumet.
  3013 | D:4      | Reached XP level 6. HP: 11/39 MP: 6/6
  3307 | D:4      | Noticed Robin
  3328 | D:4      | Killed Robin
  4144 | D:4      | Found a burning altar of Makhleb.
  4220 | D:4      | Reached XP level 7. HP: 45/45 MP: 7/7
  4765 | D:5      | Entered Level 5 of the Dungeon
  4815 | D:5      | Noticed Grinder
  4816 | D:5      | Paralysed by Grinder for 5 turns
  4830 | D:5      | Killed Grinder
  5072 | D:5      | Noticed Sigmund
  5084 | D:5      | Killed Sigmund
  5085 | D:5      | Reached XP level 8. HP: 51/53 MP: 8/8
  5146 | D:5      | HP: 1/54 [gnoll/+0 flail[a gnoll bouda] (6)]
  5146 | D:5      | Slain by a gnoll

Illustrated notes

Levels and vault maps discovered:
D:1:      minmay_arrival_five_plusses, layout_basic,
          shapermc_ecumenical_altar_rom_forum, minmay_cut_off
D:2:      layout_basic, serial_shops, nicolae_shop_window_shopping
D:3:      layout_rooms, lemuel_zombie_altar_yredelemnul, palyth_stone_intersect
D:4:      layout_loops_cross, kennysheep_mini_moat, kennysheep_little_box,
          chequers_mini_garden, uniq_robin
D:5:      layout_layer_cave, overflow_temple_1_default, uniq_pikel,
          uniq_grinder, uniq_edmund, uniq_sigmund

Skill      XL: |  1  2  3  4  5  6  7 |
---------------+----------------------+-----
Short Blades   | 3 4 5 6 7 |  7.5
Stealth        | 6 7 |  7.0
Fighting       | 3 |  3.6
Throwing       | 3 |  3.6
Dodging        | |  1.0

Action                   |  1- 3 |  4- 6 |  7- 9 || total
-------------------------+-------+-------+-------++-------
Melee: Dagger            |    62 |    14 |       ||    76
       Constrict         |    17 |    29 |     7 ||    53
       Tentacles         |    12 |    32 |    14 ||    58
       Punch             |     4 |       |       ||     4
       Short sword       |       |   114 |    40 ||   154
Throw: Dart              |       |     8 |     5 ||    13
       Javelin           |       |     3 |       ||     3
  Use: Potion            |       |     1 |       ||     1
       Scroll            |       |       |     2 ||     2
 Stab: Sleeping          |    13 |    17 |     1 ||    31
       Invisible         |       |       |     2 ||     2
Armor: Skin              |     3 |     4 |       ||     7
Dodge: Dodged            |    23 |    46 |    14 ||    83

Table legend: (Time is in decaauts)
 A = Elapsed time spent in this place.
 B = Non-inter-level travel time spent in this place.
 C = Inter-level travel time spent in this place.
 D = Time resting spent in this place.
 E = Time spent auto-exploring this place.
 F = Levels seen in this place.
 G = Mean time per level.
                   A        B        C        D        E       F      G
               +--------+--------+--------+--------+--------+-----+--------+
         Total |   5062 |   4941 |    121 |   1292 |   2889 |   5 | 1012.4 |
       Dungeon |   5062 |   4941 |    121 |   1292 |   2889 |   5 | 1012.4 |
               +--------+--------+--------+--------+--------+-----+--------+

Top non-repeatable levels by time:
     D:4: 1543 daAuts
     D:3: 1525 daAuts
     D:1: 839 daAuts
     D:2: 786 daAuts
     D:5: 367 daAuts
